 Dungeon Crawl Stone Soup version 0.28-b1-25-g9875b3fc8c (webtiles) character file.

Game seed: 5343762880341265577

1303 zeram the Shield-Bearer (level 8, -7/67 HPs)
             Began as a Gnoll Fighter on Feb 2, 2022.
             Was an Initiate of Gozag.
             Mangled by an orc warrior (15 damage)
             ... on level 6 of the Dungeon.
             The game lasted 00:06:20 (5638 turns).

zeram the Shield-Bearer (Gnoll Fighter)             Turns: 5638, Time: 00:06:21

Health: -7/67      AC: 10    Str: 17    XL:     8   Next: 57%
Magic:  13/13      EV: 10    Int:  8    God:    Gozag
Gold:   219        SH:  5    Dex: 12    Spells: 13/13 levels left

rFire   . . .      SeeInvis .   a - +0 trident
rCold   . . .      Faith    .   c - +0 buckler
rNeg    . . .      Spirit   .   b - +0 scale mail
rPois   .          Reflect  .   g - +0 helmet
rElec   .          Harm     .   (no cloak)
rCorr   +          Rampage  .   (no gloves)
Will    +....                   f - +0 pair of boots
Stlth   +.........              (no amulet)
HPRegen 0.21/turn               h - ring of willpower
MPRegen 0.13/turn               j - ring of resist corrosion

@: mighty
A: fangs 1, strong nose, distributed training
a: Renounce Religion, Potion Petition, Call Merchant, Bribe Branch


You were on level 6 of the Dungeon.
You worshipped Gozag.
Gozag was aware of your devotion.
You visited 1 branch of the dungeon, and saw 6 of its levels.

You collected 555 gold pieces.
You spent 300 gold pieces at shops.
You paid 36 gold pieces to Gozag.

Inventory:

Hand Weapons
 a - a +0 trident (weapon)
Armour
 b - a +0 scale mail (worn)
 c - a +0 buckler (worn)
 f - a +0 pair of boots (worn)
 g - a +0 helmet (worn)
Jewellery
 h - a ring of willpower (left hand)
 j - a ring of resist corrosion (right hand)
 m - a ring of poison resistance
 r - an amulet of reflection
Scrolls
 o - a scroll of amnesia {unknown}
 p - 2 scrolls of enchant armour {unknown}
 q - a scroll of fear {unknown}
 s - 3 scrolls of fog {unknown}
Potions
 d - 4 potions of attraction {unknown}
 e - a potion of resistance
 k - a potion of berserk rage {unknown}
 l - a potion of brilliance {unknown}
 n - a potion of flight {unknown}


   Skills:
 + Level 7.4 Fighting
 + Level 3.4 Short Blades
 + Level 3.4 Long Blades
 + Level 3.4 Axes
 + Level 3.4 Maces & Flails
 + Level 5.7 Polearms
 + Level 3.4 Staves
 + Level 3.4 Slings
 + Level 3.4 Bows
 + Level 3.4 Crossbows
 + Level 3.4 Throwing
 + Level 7.4 Armour
 + Level 3.4 Dodging
 + Level 3.4 Stealth
 + Level 7.4 Shields
 + Level 3.4 Unarmed Combat
 + Level 3.4 Spellcasting
 + Level 2.7 Conjurations
 + Level 2.7 Hexes
 + Level 2.7 Summonings
 + Level 2.7 Necromancy
 + Level 2.7 Translocations
 + Level 2.7 Transmutations
 + Level 2.7 Fire Magic
 + Level 2.7 Ice Magic
 + Level 2.7 Air Magic
 + Level 2.7 Earth Magic
 + Level 2.7 Poison Magic
 + Level 3.7 Invocations
 + Level 3.4 Evocations


You had 13 spell levels left.
You didn't know any spells.
Your spell library was empty.

Dungeon Overview and Level Annotations

Branches:
Dungeon (6/15)             Temple (0/1) D:4

Altars:
Ashenzari
Gozag
Hepliaklqana
Xom
Yredelemnul
Zin

Shops:
D:3 =   D:5 *[

Annotations:
D:3 1 runed translucent door


Innate Abilities, Weirdness & Mutations

You have very sharp teeth.
Your uncanny sense of smell can sniff out nearby items.
Your experience applies equally to all skills.


Message History

You are too injured to fight recklessly!
You are too injured to fight recklessly!
You are too injured to fight recklessly!
You are too injured to fight recklessly!
You are too injured to fight recklessly!
You are too injured to fight recklessly!
You are too injured to fight recklessly!
You are too injured to fight recklessly!
You are too injured to fight recklessly!
You are too injured to fight recklessly!
You are too injured to fight recklessly!
You are too injured to fight recklessly!
You are too injured to fight recklessly!
You are too injured to fight recklessly!
You are too injured to fight recklessly!
Unknown command.
Okay, then.
Okay, then.
You feel very mighty all of a sudden. The orc warrior misses you.
The orc warrior closely misses you.
You hit the orc warrior but do no damage.
The orc warrior is lightly wounded.
The orc warrior completely misses you.
You closely miss the orc warrior.
The orc warrior is lightly wounded.
The orc warrior hits you but does no damage.
You barely miss the orc warrior.
The orc warrior is lightly wounded.
A sky beast comes into view.
The orc warrior hits you with a +0 glaive!!
* * * LOW HITPOINT WARNING * * *
You hit the orc warrior.
The orc warrior is moderately wounded.
You block the orc warrior's attack.
You completely miss the orc warrior.
The orc warrior is moderately wounded.
The orc warrior hits you with a +0 glaive!
You die...
Your body crumbles into a pile of gold. ..........# ∆.......#### ....... ...... .###### .... .... ... #oS

###########o# #
####......@oo#o#
#######....#######S#.#.##..
'..................Y.$......
#######....##############.##
#######....# .....##....#
.....##....# .....##.##.#
.....+.....#


You could see an orc warrior, a water moccasin, a sky beast and an orc priest.

Vanquished Creatures
  Sigmund (D:2)
  The ghost of BeavisTheGrey the Ruffian, an amateur TrMo (D:3)
  2 necrophages
  2 ogres
  A centaur (D:5)
  A phantom (D:6)
  A bullfrog (D:3)
  A scorpion (D:6)
  A water moccasin skeleton (D:5)
  A centaur zombie (D:5)
  2 hounds
  A gnoll shaman (D:5)
  An iguana (D:5)
  2 hound skeletons
  5 gnolls (D:5)
  6 adders
  A shadow imp (D:5)
  2 adder skeletons
  4 worms
  3 dart slugs
  10 orcs
  7 ball pythons
  5 bats
  An endoplasm (D:1)
  4 giant cockroaches
  9 goblins
  3 hobgoblins
  2 jackals (D:2)
  4 quokkas
  7 frilled lizards
  5 kobolds
  A spectral orc (D:3)
97 creatures vanquished.

Notes
Turn   | Place    | Note
-------+----------+-------------------------------------------
     0 | D:1      | zeram the Gnoll Fighter began the quest for the Orb.
     0 | D:1      | Reached XP level 1. HP: 23/23 MP: 1/1
   156 | D:1      | Reached XP level 2. HP: 27/29 MP: 2/2
   756 | D:2      | Reached XP level 3. HP: 35/35 MP: 3/3
   798 | D:2      | Reached skill level 1 in Invocations
   799 | D:2      | Found a faded altar of an unknown god.
  1009 | D:2      | Noticed Sigmund
  1024 | D:2      | Killed Sigmund
  1025 | D:2      | Reached skill level 1 in Short Blades
  1025 | D:2      | Reached skill level 1 in Long Blades
  1025 | D:2      | Reached skill level 1 in Axes
  1025 | D:2      | Reached skill level 1 in Maces & Flails
  1025 | D:2      | Reached skill level 1 in Staves
  1025 | D:2      | Reached skill level 1 in Slings
  1025 | D:2      | Reached skill level 1 in Bows
  1025 | D:2      | Reached skill level 1 in Crossbows
  1025 | D:2      | Reached skill level 1 in Throwing
  1025 | D:2      | Reached skill level 1 in Dodging
  1025 | D:2      | Reached skill level 1 in Stealth
  1025 | D:2      | Reached skill level 1 in Unarmed Combat
  1025 | D:2      | Reached skill level 1 in Spellcasting
  1025 | D:2      | Reached skill level 1 in Conjurations
  1025 | D:2      | Reached skill level 1 in Hexes
  1025 | D:2      | Reached skill level 1 in Summonings
  1025 | D:2      | Reached skill level 1 in Necromancy
  1025 | D:2      | Reached skill level 1 in Translocations
  1025 | D:2      | Reached skill level 1 in Transmutations
  1025 | D:2      | Reached skill level 1 in Fire Magic
  1025 | D:2      | Reached skill level 1 in Ice Magic
  1025 | D:2      | Reached skill level 1 in Air Magic
  1025 | D:2      | Reached skill level 1 in Earth Magic
  1025 | D:2      | Reached skill level 1 in Poison Magic
  1025 | D:2      | Reached skill level 1 in Evocations
  1025 | D:2      | Reached XP level 4. HP: 14/41 MP: 4/6
  1025 | D:2      | Reached XP level 5. HP: 16/47 MP: 4/7
  1503 | D:3      | Found a shimmering altar of Xom.
  1542 | D:3      | Found a runed translucent door.
  1545 | D:3      | Noticed BeavisTheGrey's ghost (amateur TrMo)
  1575 | D:3      | Found a runed translucent door.
  1584 | D:3      | Reached XP level 6. HP: 53/53 MP: 8/8
  1619 | D:3      | Killed BeavisTheGrey's ghost
  1620 | D:3      | Reached skill level 5 in Polearms
  1886 | D:3      | Found Pesut's Jewellery Shoppe.
  2041 | D:3      | Found a broken altar of Ashenzari.
  2379 | D:3      | Found an opulent altar of Gozag.
  2516 | D:3      | Found a basalt altar of Yredelemnul.
  2668 | D:3      | Became a worshipper of Gozag Ym Sagoz the Greedy
  2903 | D:4      | Reached XP level 7. HP: 51/59 MP: 10/10
  3007 | D:4      | Found a staircase to the Ecumenical Temple.
  3366 | D:4      | Found a glowing silver altar of Zin.
  3442 | D:4      | Found a hazy altar of Hepliaklqana.
  3617 | D:5      | Entered Level 5 of the Dungeon
  3683 | D:5      | Found Vevelylo's Gadget Gallery.
  3950 | D:5      | Found Kuemop's Antique Armour Shoppe.
  4574 | D:5      | Reached XP level 8. HP: 15/67 MP: 12/12
  5098 | D:3      | Bought an amulet of reflection for 300 gold pieces
  5638 | D:6      | Mangled by an orc warrior

Illustrated notes

Levels and vault maps discovered:
D:1:      wander_arrival_desolate, layout_basic
D:2:      layout_rooms, ebering_ecumenical_altar_webs, uniq_sigmund
D:3:      layout_loops_ring, mainiacjoe_overflow_alcove_1,
          yredelemnul_forgotten_temple_becter, mainiacjoe_overflow_brackets,
          mainiacjoe_overflow_alcove_2, serial_shops, nicolae_square_shop,
          ebering_ghost_sewer_f, serial_park_tiny_1
D:4:      layout_loops_ring, zin_scriptorium, worldfamousw_hep_ancestral_shrine,
          minmay_temple_entry_glassed_door, kennysheep_path_1, dk_noncrumbling_3
D:5:      layout_loops_ring, serial_shops, nicolae_square_shop,
          nicolae_shop_gadgets
D:6:      layout_basic

Skill      XL: |  1  2  3  4  5  6  7  8 |
---------------+-------------------------+-----
Invocations    | 1 2 3 |  3.7
Short Blades   | 1 2 3 |  3.4
Long Blades    | 1 2 3 |  3.4
Axes           | 1 2 3 |  3.4
Maces & Flails | 1 2 3 |  3.4
Staves         | 1 2 3 |  3.4
Slings         | 1 2 3 |  3.4
Bows           | 1 2 3 |  3.4
Crossbows      | 1 2 3 |  3.4
Throwing       | 1 2 3 |  3.4
Dodging        | 1 2 3 |  3.4
Stealth        | 1 2 3 |  3.4
Unarmed Combat | 1 2 3 |  3.4
Spellcasting   | 1 2 3 |  3.4
Conjurations   | 1 2 |  2.7
Hexes          | 1 2 |  2.7
Summonings     | 1 2 |  2.7
Necromancy     | 1 2 |  2.7
Translocations | 1 2 |  2.7
Transmutations | 1 2 |  2.7
Fire Magic     | 1 2 |  2.7
Ice Magic      | 1 2 |  2.7
Air Magic      | 1 2 |  2.7
Earth Magic    | 1 2 |  2.7
Poison Magic   | 1 2 |  2.7
Evocations     | 1 2 3 |  3.4
Polearms       | 5 |  5.7
Fighting       | 7 |  7.4
Armour         | 7 |  7.4
Shields        | 7 |  7.4

Action                   |  1- 3 |  4- 6 |  7- 9 || total
-------------------------+-------+-------+-------++-------
Melee: Trident           |    98 |   153 |   211 ||   462
       Bite              |     5 |    15 |    25 ||    45
  Use: Scroll            |     2 |     1 |       ||     3
       Potion            |     1 |     3 |     2 ||     6
 Stab: Distracted        |       |       |     1 ||     1
Armor: Scale mail        |    42 |    42 |    74 ||   158
       Skin              |       |     5 |       ||     5
Dodge: Dodged            |    40 |    49 |   100 ||   189
Block: Buckler           |    24 |    35 |    53 ||   112
